[Event "20th Heraklion IT Open 2017"]
[Site "Heraklion"]
[Date "2017.04.17"]
[Round "1"]
[White "Martorelli, Antonio"]
[Black "Koumis, Filippos"]
[Result "1-0"]
[ECO "B16"]
[WhiteElo "2220"]
[BlackElo "1663"]
[Annotator "NA"]
[PlyCount "45"]
[EventDate "2017.??.??"]
[EventType "swiss"]
[EventCountry "GRE"]
[SourceTitle "playchess.com"]
[Source "ChessBase"]
[SourceQuality "1"]
[TimeControl "40/5400+30:1800+30"]

1. e4 c6 2. d4 d5 3. Nc3 dxe4 4. Nxe4 Nf6 5. Nxf6+ gxf6 6. Bc4 Bf5 7. Nf3 Nd7 8. O-O Bg7 9. Nh4 Bg6 10. Qg4 Nb6 11. Bb3 O-O 12. Nxg6 hxg6 13. Qxg6 Qxd4 14. Bh6 f5 15. Bxg7 Qxg7 16. Qxf5 e6 17. Qf4 Qxb2 18. Rae1 Nd7 19. Re3 Qf6 20. Rg3+ Kh8 21. Rh3+ Kg7 22. Qg3+ Qg6 23. Qd6 1-0

[Event "20th Heraklion IT Open 2017"]
[Site "Heraklion"]
[Date "2017.04.17"]
[Round "1"]
[White "Moshovakis, Aggelos"]
[Black "Galanakis, Nikolaos"]
[Result "1-0"]
[ECO "C00"]
[WhiteElo "2030"]
[BlackElo "1399"]
[Annotator "NA"]
[PlyCount "59"]
[EventDate "2017.??.??"]
[EventType "swiss"]
[EventCountry "GRE"]
[SourceTitle "playchess.com"]
[Source "ChessBase"]
[SourceQuality "1"]
[TimeControl "40/5400+30:1800+30"]

1. e4 e6 2. d3 d5 3. Nd2 Nf6 4. Ngf3 Be7 5. g3 O-O {[%emt 0:05:05] C00: French: Unusual White 2nd moves} 6. Bg2 Nbd7 (6... c5 7. O-O Nc6 8. Re1 Qc7 9. Qe2 b5 10. e5 Nd7 11. Nf1 a5 12. h4 b4 13. N1h2 a4 14. Ng4 a3 15. b3 Ba6 16. Bf4 Rfc8 17. Qd2 Qd8 18. Bg5 Ra7 19. Qf4 Rac7 20. h5 Nd4 21. Bxe7 Qxe7 22. Nxd4 cxd4 {1-0 (40) Petrosian,T (2625)-Stern,R (2538) Berlin 2015}) 7. e5 Ne8 8. d4 c5 9. c3 cxd4 10. cxd4 Nb8 $146 (10... b6 11. Bf1 Nc7 12. Bd3 Ba6 {½-½ (72) Petersen,F (2325)-Nilsson,N (2255) Copenhagen 1983}) 11. O-O Nc6 12. Re1 Bd7 13. Nf1 Qb6 14. h4 Rc8 15. Ne3 Nc7 16. Ng4 Bb4 17. Bh6 $2 (17. Re3 $14 {stays ahead.}) 17... Bxe1 18. Bxg7 Bxf2+ 19. Kxf2 Qxb2+ 20. Kg1 Kxg7 21. Rb1 Qc3 22. Rb3 Qc4 23. Qd2 $17 f5 24. Qh6+ Kf7 25. Qxh7+ Ke8 26. Nf6+ Rxf6 27. exf6 Qc1+ 28. Kh2 Kd8 29. Ne5 Nxe5 30. Qe7# 1-0

[Event "20th Heraklion IT Open 2017"]
[Site "Heraklion"]
[Date "2017.04.17"]
[Round "1"]
[White "Hristodoulaki, Antonia"]
[Black "Koutsourakis, Ioannis"]
[Result "1-0"]
[ECO "D11"]
[WhiteElo "1994"]
[BlackElo "1543"]
[Annotator "NA RC"]
[PlyCount "93"]
[EventDate "2017.??.??"]
[EventType "swiss"]
[EventCountry "GRE"]
[SourceTitle "playchess.com"]
[Source "ChessBase"]
[SourceQuality "1"]
[TimeControl "40/5400+30:1800+30"]

1. d4 d5 2. c4 c6 3. e3 Nf6 4. Nf3 e6 5. Bd3 Be7 6. Nc3 dxc4 7. Bxc4 b5 8. Bd3 Bb7 9. O-O O-O 10. Qc2 {[%emt 0:06:03] D45: Semi-Slav: 5 e3} h6 11. Rd1 a6 $146 (11... Na6 12. a3 Nc7 13. Ne4 Nxe4 14. Bxe4 Rc8 15. b4 {0-1 (52) Van der Berg,A-Grondsma,H Alkmaar 1985}) 12. Ne5 Nbd7 13. a3 Rc8 14. Nxd7 Qxd7 15. Qe2 Rfd8 16. Bc2 Qc7 17. e4 (17. b4 $11) 17... e5 18. dxe5 Rxd1+ 19. Nxd1 Qxe5 20. f4 Bc5+ 21. Kf1 Qe7 22. Nf2 Re8 23. Be3 {[%emt 0:02:01] [#]} Bxe3 (23... Nd5 $1 $15 24. exd5 (24. Bxc5 Qxc5 25. Bb3 Nxf4 $17) 24... Bxe3) 24. Qxe3 c5 25. Re1 c4 26. Qc3 Qc7 27. g3 Qc6 28. Qd2 Qd7 29. Qxd7 Nxd7 30. e5 Nc5 31. Rd1 Bc6 32. Rd6 Bb7 33. Ng4 Kh8 34. Ne3 Kg8 35. Nd5 Bxd5 36. Rxd5 Ne6 37. Rd6 Nc5 (37... g5 $1 $14) 38. Rc6 Nd3 (38... Ne6 $16 {is a better defense.}) 39. Bxd3 ({But not} 39. Rxa6 $6 Nxb2 40. Ke2 Rd8 $16) 39... cxd3 40. Ke1 Ra8 41. Kd2 Kf8 42. Kxd3 Ra7 43. Kc3 Ke7 44. Kb4 Rd7 45. Rc2 ({Don't do} 45. Rxa6 Rd2 46. b3 (46. Kxb5 Rxb2+ 47. Kc4 Rxh2 $16) 46... Rxh2 47. Ra7+ Ke6 48. f5+ Kxf5 $18) 45... Ra7 46. Ka5 Kd7 $18 47. Kb6 1-0

[Event "20th Heraklion IT Open 2017"]
[Site "Heraklion"]
[Date "2017.04.17"]
[Round "1"]
[White "Stratigi, Evaggelia"]
[Black "Friedel, Marcus"]
[Result "0-1"]
[ECO "B06"]
[WhiteElo "1662"]
[BlackElo "2182"]
[Annotator "ChessBase"]
[PlyCount "66"]
[EventDate "2017.??.??"]
[EventType "swiss"]
[EventCountry "GRE"]
[SourceTitle "playchess.com"]
[Source "ChessBase"]
[SourceQuality "1"]
[TimeControl "40/5400+30:1800+30"]

1. e4 g6 2. Nf3 Bg7 3. d4 d6 4. Bd3 Nc6 5. c3 Nf6 6. O-O O-O 7. Re1 e5 8. h3 Nd7 9. Bc2 exd4 10. cxd4 Nb4 11. Bb3 c5 12. Bg5 Qb6 13. e5 cxd4 14. Be7 Nxe5 15. Bxf8 Kxf8 16. Nxe5 dxe5 17. Qf3 Qf6 18. Qe4 Qf5 19. Qe2 Qd3 20. Nd2 Bd7 21. Nc4 Bb5 22. Qxd3 Nxd3 23. Re2 Rd8 24. Rd1 Nc5 25. Ree1 e4 26. f3 f5 27. Na3 Ba6 28. Bc4 Bxc4 29. Nxc4 b5 30. Na3 a6 31. fxe4 Nxe4 32. Nb1 d3 33. Re3 Bd4 0-1

[Event "20th Heraklion IT Open 2017"]
[Site "Heraklion"]
[Date "2017.04.17"]
[Round "1"]
[White "Ioannidis, Efstratios Th"]
[Black "Mamoulakis, Eleftherios"]
[Result "0-1"]
[ECO "A05"]
[WhiteElo "1592"]
[BlackElo "2117"]
[Annotator "NA"]
[PlyCount "44"]
[EventDate "2017.??.??"]
[EventType "swiss"]
[EventCountry "GRE"]
[SourceTitle "playchess.com"]
[Source "ChessBase"]
[SourceQuality "1"]
[TimeControl "40/5400+30:1800+30"]

1. Nf3 Nf6 2. c4 e6 3. g3 b6 4. Bg2 Bb7 5. O-O Be7 6. b3 O-O 7. Bb2 c5 8. Nc3 d5 9. cxd5 exd5 10. d4 Nc6 11. e3 a6 12. Rc1 c4 13. Ne5 b5 14. bxc4 bxc4 15. e4 Nxe5 16. dxe5 Nxe4 17. Nxe4 dxe4 18. Rxc4 Qb6 19. Qb3 Qxb3 20. axb3 Bd5 21. Bxe4 Bxc4 22. Bxa8 Bxf1 0-1

[Event "20th Heraklion IT Open 2017"]
[Site "Heraklion"]
[Date "2017.04.17"]
[Round "1"]
[White "Lianeris, Andreas"]
[Black "Serpetsidakis, Nikolaos"]
[Result "0-1"]
[ECO "A48"]
[WhiteElo "1543"]
[BlackElo "1994"]
[Annotator "NA"]
[PlyCount "70"]
[EventDate "2017.??.??"]
[EventType "swiss"]
[EventCountry "GRE"]
[SourceTitle "playchess.com"]
[Source "ChessBase"]
[SourceQuality "1"]
[TimeControl "40/5400+30:1800+30"]

1. d4 Nf6 2. Nf3 g6 3. e3 Bg7 4. Bd3 O-O 5. b3 d6 6. Bb2 Nbd7 7. Nbd2 Re8 8. O-O e5 9. c4 e4 10. Be2 exf3 11. Bxf3 Nf8 12. Re1 d5 13. Qc2 Bf5 14. Qc1 c6 15. a4 Ne4 16. c5 Nxd2 17. Qxd2 Qd7 18. Qe2 Ne6 19. b4 Nxd4 20. Bxd4 Bxd4 21. Rac1 Bg7 22. Red1 Rad8 23. b5 Qc7 24. bxc6 bxc6 25. Bg4 Bxg4 26. Qxg4 Re4 27. Qe2 Rxa4 28. Qc2 Rc4 29. Qa2 Rxc1 30. Rxc1 Rb8 31. Qe2 Rb5 32. e4 Qe5 33. Qg4 Qe6 34. Qh4 Qxe4 35. f4 Qe3+ 0-1

[Event "20th Heraklion IT Open 2017"]
[Site "Heraklion"]
[Date "2017.04.17"]
[Round "1"]
[White "Kiriakakis, Ioannis"]
[Black "Maris, Ioannis"]
[Result "0-1"]
[ECO "B07"]
[WhiteElo "1534"]
[BlackElo "1967"]
[Annotator "NA"]
[PlyCount "56"]
[EventDate "2017.??.??"]
[EventType "swiss"]
[EventCountry "GRE"]
[SourceTitle "playchess.com"]
[Source "ChessBase"]
[SourceQuality "1"]
[TimeControl "40/5400+30:1800+30"]

1. e4 d6 2. d4 Nf6 3. Nc3 g6 4. f3 c6 5. Be3 Qc7 6. Qd2 b5 7. Nge2 {[%emt 0:13:41] B07: Pirc Defence: Miscellaneous Systems} (7. g4 h5 8. g5 Nfd7 9. d5 a6 10. dxc6 Nxc6 11. Nd5 Qb7 12. a4 b4 13. Bd4 Rg8 14. O-O-O Nxd4 15. Qxd4 {1-0 (49) Bortnyk,O (2565)-Onischuk,V (2628) Gjakova 2016}) 7... a5 8. Nf4 Bg7 9. Nd3 $146 (9. d5 b4 10. Na4 Nbd7 11. c4 c5 12. Nd3 Nb6 13. Nxb6 Qxb6 14. Bh6 Bxh6 15. Qxh6 {1-0 (38) Garcia,E (2033)-Aguilera,N Villa Martelli 2011}) 9... b4 10. Ne2 Nbd7 11. a3 Nb6 12. Bf2 Nc4 13. Qc1 h5 (13... bxa3 $11 14. b3 Nb6) 14. Bg3 e5 15. dxe5 dxe5 16. Bh4 Rb8 17. axb4 axb4 18. Nc5 Qe7 19. Nb3 Be6 20. Ng1 (20. Qg5 $11) 20... O-O 21. Bxc4 Bxc4 22. Qe3 (22. Bg5 $17 {was necessary.}) 22... Ra8 (22... Ng4 $19 23. Bxe7 Nxe3 24. Bxf8 Nxc2+ 25. Kf2 Bxf8) 23. Ne2 Bxb3 24. Rxa8 Rxa8 25. cxb3 Ra1+ 26. Nc1 $17 Ng4 27. Bxe7 Nxe3 28. g3 Rxc1+ 0-1

[Event "20th Heraklion IT Open 2017"]
[Site "Heraklion"]
[Date "2017.04.18"]
[Round "2"]
[White "Damia, Angelo"]
[Black "Moshovakis, Aggelos"]
[Result "1/2-1/2"]
[ECO "A20"]
[WhiteElo "2417"]
[BlackElo "2030"]
[Annotator "RC"]
[PlyCount "68"]
[EventDate "2017.??.??"]
[EventType "swiss"]
[EventCountry "GRE"]
[SourceTitle "playchess.com"]
[Source "ChessBase"]
[SourceQuality "1"]
[TimeControl "40/5400+30:1800+30"]

1. c4 e5 2. a3 Nf6 3. e3 Nc6 4. Nc3 g6 5. Nf3 Bg7 6. d4 exd4 7. exd4 d5 8. c5 O-O 9. h3 Ne4 10. Be2 Be6 11. Be3 f5 12. Qb3 Qd7 13. g3 Kh8 14. O-O-O Na5 15. Qb4 b6 16. Ne5 Bxe5 17. dxe5 Nc6 18. Qa4 Nxc3 19. bxc3 Nxe5 20. Qd4 Qg7 21. Qd2 Kg8 22. Bh6 Qe7 23. Qe3 Nd7 24. Bxf8 Kxf8 25. Bf3 c6 26. c4 Rc8 27. cxb6 Nxb6 28. Be2 dxc4 29. Rhe1 Nd5 30. Qd4 Qxa3+ 31. Qb2 Qc5 32. Qd4 Qa3+ 33. Qb2 Qc5 34. Qd4 Qa3+ 1/2-1/2

[Event "20th Heraklion IT Open 2017"]
[Site "Heraklion"]
[Date "2017.04.18"]
[Round "2"]
[White "Pelantakis, Mihail"]
[Black "Fragiadakis, Emanouel"]
[Result "0-1"]
[ECO "E15"]
[WhiteElo "1737"]
[BlackElo "1827"]
[Annotator "NA"]
[PlyCount "96"]
[EventDate "2017.??.??"]
[EventType "swiss"]
[EventCountry "GRE"]
[SourceTitle "playchess.com"]
[Source "ChessBase"]
[SourceQuality "1"]
[TimeControl "40/5400+30:1800+30"]

1. d4 Nf6 2. c4 e6 3. Nf3 b6 4. g3 Ba6 5. b3 Bb4+ 6. Bd2 Be7 7. Bg2 c6 8. Bc3 d5 9. Ne5 Nfd7 10. Nxd7 Nxd7 11. Nd2 f5 12. O-O O-O 13. cxd5 {[%emt 0:15:22] E15: Queen's Indian: 4 g3 sidelines, 4 g3 Ba6 and 4 g3 Bb7 early deviations} (13. Bb2 Bd6 14. Rc1 Qe7 15. Nf3 Rac8 16. Rc2 Nf6 17. Ne5 Ne4 18. Qc1 Bb7 19. Nd3 Rfd8 20. c5 Bb8 {½-½ (29) Beliavsky,A (2605)-Kovalenko,I (2684) Puhajarve 2016}) 13... cxd5 14. Bb2 Rc8 15. Re1 $146 (15. Nf3 Bd6 16. Qd2 Nf6 17. Ne5 Ne4 18. Bxe4 dxe4 19. Rfd1 f4 20. e3 f3 {0-1 (43) Erkhembayar,D (2343)-Batchuluun,T (2391) Ulaanbaatar 2009}) 15... Bb4 16. a3 Bc3 17. Bxc3 Rxc3 18. Rc1 Qc7 19. Nb1 Rc6 20. Qd2 Rc8 21. Rxc6 Qxc6 22. Qe3 Kf7 23. Bf3 Qc2 24. Bh5+ g6 25. Bf3 Qb2 26. g4 Nf6 27. gxf5 exf5 28. Kf1 h5 29. h4 Qc2 30. a4 Qc7 31. Qe5 Qxe5 32. dxe5 Ne4 33. Bxe4 fxe4 34. Rd1 Ke6 35. b4 Bc4 36. Na3 Kxe5 37. a5 Bb3 38. Rb1 Ba4 39. axb6 axb6 40. Rb2 Rc3 41. Nb1 Rh3 42. Kg2 Rxh4 43. Ra2 Rg4+ 44. Kh3 $19 Bd7 45. Kh2 Rh4+ 46. Kg2 Rg4+ 47. Kh2 Rf4 48. Kg2 e3 0-1

[Event "20th Heraklion IT Open 2017"]
[Site "Heraklion"]
[Date "2017.04.18"]
[Round "2"]
[White "Kellner, Nikolaus"]
[Black "Lianeris, Andreas"]
[Result "0-1"]
[ECO "A00"]
[WhiteElo "1700"]
[BlackElo "1543"]
[Annotator "NA"]
[PlyCount "126"]
[EventDate "2017.??.??"]
[EventType "swiss"]
[EventCountry "GRE"]
[SourceTitle "playchess.com"]
[Source "ChessBase"]
[SourceQuality "1"]
[TimeControl "40/5400+30:1800+30"]

1. g4 d5 2. h3 e5 3. Bg2 Nc6 4. Nc3 Be6 5. d3 h5 6. g5 Nge7 7. h4 Qd7 8. Nf3 O-O-O 9. Bd2 Kb8 10. a3 f6 11. gxf6 gxf6 12. b4 Rg8 13. Kf1 Rg6 14. b5 Nd4 15. a4 Nc8 16. Ne1 Qg7 17. e3 Nf5 18. e4 dxe4 19. Nxe4 Be7 20. Bh3 Rg8 21. Nf3 Nd4 22. Bxe6 Nxe6 23. Be3 f5 24. Neg5 f4 25. Nxe6 Rxe6 26. Rg1 Rg6 27. Rxg6 Qxg6 28. Bd2 Bc5 29. Ng5 Be7 30. Nf3 Qg2+ 31. Ke2 Rg3 32. Qh1 Bf6 33. Qxg2 Rxg2 34. Bc3 Rg4 35. Rh1 Ne7 36. Bxe5 Bxe5 37. Nxe5 f3+ 38. Nxf3 Rxa4 39. c4 c6 40. Nd4 cxb5 41. Nxb5 Ra2+ 42. Kf3 a6 43. Re1 axb5 44. Rxe7 bxc4 45. dxc4 Rc2 46. Re4 Kc7 47. Rd4 Kc6 48. Ke3 Kc5 49. f4 Re2+ 50. Kxe2 Kxd4 51. Kf3 Kxc4 52. f5 Kd5 53. Kf4 Kd6 54. Kg5 Ke7 55. Kg6 Kf8 56. Kxh5 b5 57. Kg6 b4 58. h5 b3 59. h6 Kg8 60. h7+ Kh8 61. f6 b2 62. f7 b1=Q+ 63. Kf6 Qb4 0-1

[Event "20th Heraklion IT Open 2017"]
[Site "Heraklion"]
[Date "2017.04.18"]
[Round "2"]
[White "Solakidis, Panayotis"]
[Black "Dhruv Easwar"]
[Result "0-1"]
[ECO "E10"]
[WhiteElo "1428"]
[BlackElo "1753"]
[Annotator "NA"]
[PlyCount "84"]
[EventDate "2017.??.??"]
[EventType "swiss"]
[EventCountry "GRE"]
[SourceTitle "playchess.com"]
[Source "ChessBase"]
[SourceQuality "1"]
[TimeControl "40/5400+30:1800+30"]

1. d4 Nf6 2. c4 e6 3. Nf3 d5 4. g3 c5 5. cxd5 Qxd5 6. Bg2 Be7 7. O-O O-O 8. Nc3 Qd8 9. Bf4 Nc6 10. dxc5 Bxc5 11. Ne5 Nxe5 12. Bxe5 Qe7 13. Qb3 Ng4 14. Bf4 Rd8 15. Ne4 Bb6 16. h3 e5 17. Bg5 Nf6 18. Qf3 Rd4 19. Bxf6 gxf6 20. Nxf6+ Kg7 21. Nd5 Qd6 22. e3 e4 23. Qf4 Rxd5 24. Qxd6 Rxd6 25. Bxe4 Bxh3 26. Rfd1 Rad8 27. Rxd6 Rxd6 28. Bxb7 Rd2 29. b3 Bd8 30. a4 Be6 31. Rb1 Bf6 32. b4 Ra2 33. Bc6 Bc3 34. a5 Bf5 35. e4 Be6 36. Bb7 Ra4 37. Bd5 Bxd5 38. exd5 Bxb4 39. a6 Bd6 40. Rb7 Bc5 41. d6 Rxa6 42. d7 Rd6 0-1

[Event "20th Heraklion IT Open 2017"]
[Site "Heraklion"]
[Date "2017.04.18"]
[Round "2"]
[White "Vitsaxaki, Iris"]
[Black "Lampadariou, Nikolaos"]
[Result "0-1"]
[ECO "A48"]
[WhiteElo "1345"]
[BlackElo "1948"]
[Annotator "NA RC"]
[PlyCount "109"]
[EventDate "2017.??.??"]
[EventType "swiss"]
[EventCountry "GRE"]
[SourceTitle "playchess.com"]
[Source "ChessBase"]
[SourceQuality "1"]
[TimeControl "40/5400+30:1800+30"]

1. d4 Nf6 2. Nf3 g6 3. e3 Bg7 4. Nbd2 O-O 5. Bd3 d6 6. O-O Nbd7 7. b3 {[%emt 0:00:52] A48: 1 d4 Nf6 2 Nf3 g6: Torre, London and Colle Systems} b6 8. Bb2 Bb7 9. Re1 c5 10. c4 e6 11. Qc2 Rc8 $146 (11... Qc7 12. Rac1 a6 13. Bf1 Rfe8 14. Qb1 e5 15. d5 Bc8 16. e4 Nh5 17. g3 Ndf6 {1-0 (38) Alexikov,A (2315)-Polyakov,M (2405) Lutsk 2017}) 12. Ne4 Nxe4 13. Bxe4 d5 14. Bd3 dxc4 15. bxc4 cxd4 16. Nxd4 Nc5 17. Be2 Be4 18. Qd1 Qg5 19. Bf3 e5 20. Bxe4 exd4 21. exd4 Nxe4 22. Rxe4 Rxc4 23. Qe2 Qd5 24. Rd1 b5 25. Rd3 Rc2 26. Qxc2 Qxe4 27. Qd1 Qd5 28. Qb3 Rd8 29. Qxd5 Rxd5 30. Kf1 a5 31. Ke2 f5 32. a3 Kf7 33. Bc3 a4 34. Ke3 Bf8 35. Bb4 Bh6+ (35... Bxb4 $17 36. axb4 Ke6) 36. Ke2 Bg7 37. Bc5 Bf6 38. Ke3 Bg5+ 39. Ke2 Ke6 40. g3 Rd7 41. f4 Bd8 42. Re3+ Kd5 43. Kd3 Bc7 44. Re7 $2 (44. Re8 $14 {keeps the upper hand.}) 44... Rxe7 45. Bxe7 Bb6 46. Bf6 h5 ({And not} 46... b4 47. axb4 a3 48. Kc3 $11) 47. Bg7 Bd8 ({Weaker is} 47... b4 48. axb4 a3 49. Kc3 $11) 48. Bf8 Bb6 49. Bc5 Ba5 50. Ba7 $2 (50. Be7 Be1 51. Bf6) 50... b4 51. Bc5 b3 52. Ba7 Be1 53. Bc5 Bf2 54. Bb6 Bg1 55. Bc7 {[%emt 0:01:04] Kxd4+} 0-1

[Event "20th Heraklion IT Open 2017"]
[Site "Heraklion"]
[Date "2017.04.18"]
[Round "3"]
[White "Moshovakis, Aggelos"]
[Black "Brokalakis - Gounaris, Christos"]
[Result "1-0"]
[ECO "C54"]
[WhiteElo "2030"]
[BlackElo "1773"]
[Annotator "NA RC"]
[PlyCount "83"]
[EventDate "2017.??.??"]
[EventType "swiss"]
[EventCountry "GRE"]
[SourceTitle "playchess.com"]
[Source "ChessBase"]
[SourceQuality "1"]
[TimeControl "40/5400+30:1800+30"]

1. e4 e5 2. Nf3 Nc6 3. Bc4 Bc5 4. c3 Nf6 5. d3 O-O 6. Bb3 {[%emt 0:00:29] C54: Giuoco Piano: 4 c3 Nf6, main lines with 5 d4 and 5 d3} (6. Bg5 d6 7. Nbd2 h6 8. Bh4 g5 9. Nxg5 hxg5 10. Bxg5 Kg7 11. Qf3 Be6 12. b4 Bb6 13. Bd5 a5 14. b5 Nb8 15. Bxb7 {½-½ (53) Carlsen,M (2840)-Karjakin,S (2785) Wijk aan Zee 2017}) 6... d5 7. Qe2 {[%emt 0:04:00] LiveBook: 97 Games} dxe4 8. dxe4 Be6 (8... Qe7 $11) 9. Bxe6 $146 (9. Ba4 Bg4 10. h3 Bh5 11. Nbd2 Qe7 12. Nc4 a6 13. Ne3 Nxe4 {½-½ (37) Ianocichin,V (2139)-Gorbanovsky,O (2023) Kishinev 2012}) 9... fxe6 10. Qc4 Qe7 11. b4 Bb6 12. O-O Rad8 13. a4 a6 14. Bg5 Qd6 15. Nbd2 a5 (15... h6 $14) 16. b5 Ne7 17. Qb3 h6 18. Nc4 Qd7 19. Nfxe5 Qc8 20. Nxb6 cxb6 21. Be3 ({Better is} 21. Bxf6 $18 gxf6 22. Nc4) 21... Qc7 $2 (21... Nxe4 $16 {is more resistant.} 22. Bxb6 Rd5) 22. Qxe6+ Kh7 23. Bxb6 Qd6 24. Qxd6 Rxd6 25. Bxa5 Nxe4 26. f3 Ng5 27. Bb4 Re6 $18 28. Rfe1 Rd8 29. c4 Ng6 30. Nxg6 Rxg6 31. Kf2 Rd4 32. Rac1 Ne6 33. g3 Rd3 34. Re3 Rd4 35. a5 Ng5 36. Ra3 Nh3+ 37. Kf1 Rf6 38. a6 bxa6 39. bxa6 Ng5 40. a7 Nxf3 41. Rxf3 Rxf3+ 42. Kg2 1-0

[Event "20th Heraklion IT Open 2017"]
[Site "Heraklion"]
[Date "2017.04.18"]
[Round "3"]
[White "Sourgkounis, Angelos"]
[Black "Damia, Angelo"]
[Result "0-1"]
[ECO "A46"]
[WhiteElo "1960"]
[BlackElo "2417"]
[Annotator "RC"]
[PlyCount "70"]
[EventDate "2017.??.??"]
[EventType "swiss"]
[EventCountry "GRE"]
[SourceTitle "playchess.com"]
[Source "ChessBase"]
[SourceQuality "1"]
[TimeControl "40/5400+30:1800+30"]

1. d4 Nf6 2. Nf3 e6 3. e3 b6 4. Bd3 Bb7 5. Nbd2 c5 6. O-O Nc6 7. a3 Qc7 8. Qe2 Be7 9. c4 g5 10. d5 exd5 11. Nxg5 dxc4 12. Bxc4 Ne5 13. Ba2 h6 14. Ngf3 Rg8 15. e4 O-O-O 16. Nxe5 Qxe5 17. Nc4 Qxe4 18. Qxe4 Nxe4 19. f3 Ng5 20. Bxg5 hxg5 21. Rfe1 Rde8 22. Ne3 Bf6 23. Bxf7 Bxb2 24. Rab1 Bc3 25. Bxg8 Bxe1 26. Nf5 Kc7 27. Bf7 Re5 28. Bg6 Bc3 29. h4 gxh4 30. Nxh4 d5 31. f4 Re2 32. Bh5 Re4 33. Rf1 Ba6 34. Rf3 Bd4+ 35. Kh2 Be2 0-1

[Event "20th Heraklion IT Open 2017"]
[Site "Heraklion"]
[Date "2017.04.18"]
[Round "3"]
[White "Dhruv Easwar"]
[Black "Friedel, Marcus"]
[Result "0-1"]
[ECO "B06"]
[WhiteElo "1753"]
[BlackElo "2182"]
[Annotator "ChessBase"]
[PlyCount "74"]
[EventDate "2017.??.??"]
[EventType "swiss"]
[EventCountry "GRE"]
[SourceTitle "playchess.com"]
[Source "ChessBase"]
[SourceQuality "1"]
[TimeControl "40/5400+30:1800+30"]

1. e4 g6 2. d4 Bg7 3. Nf3 d6 4. Nc3 c6 5. Bd3 Bg4 6. Be3 Qb6 7. O-O Qxb2 8. Na4 Qb4 9. c3 Bxf3 10. gxf3 Qa5 11. Qb3 Qc7 12. Rab1 b6 13. d5 c5 14. Bb5+ Nd7 15. Bc6 Rd8 16. Qb5 Ngf6 17. Bxd7+ Qxd7 18. Qxd7+ Nxd7 19. f4 Rb8 20. Rb3 Kd8 21. Rfb1 Kc7 22. Nb2 b5 23. Ra3 Ra8 24. Nd3 a6 25. e5 Nb6 26. Rd1 Nc4 27. Rb3 Nxe3 28. fxe3 c4 29. exd6+ exd6 30. Ne5 cxb3 31. Nxf7 bxa2 32. Ra1 Bxc3 33. Rxa2 Rhe8 34. Kf2 b4 35. Rc2 a5 36. Ng5 a4 37. Nxh7 Rh8 0-1

[Event "20th Heraklion IT Open 2017"]
[Site "Heraklion"]
[Date "2017.04.18"]
[Round "3"]
[White "Vitsaxakis, Nikolaos"]
[Black "Kouvidis, Ioannis"]
[Result "1-0"]
[ECO "A48"]
[WhiteElo "1726"]
[BlackElo "1387"]
[Annotator "NA RC"]
[PlyCount "55"]
[EventDate "2017.??.??"]
[EventType "swiss"]
[EventCountry "GRE"]
[SourceTitle "playchess.com"]
[Source "ChessBase"]
[SourceQuality "1"]
[TimeControl "40/5400+30:1800+30"]

1. d4 Nf6 2. Nf3 g6 3. c4 Bg7 4. Nc3 O-O 5. e4 d6 6. h3 e5 7. Be3 Nc6 8. d5 Ne7 9. b4 Nd7 10. Nd2 f5 11. f3 fxe4 12. fxe4 Bf6 13. Nf3 a6 14. Be2 Kh8 15. O-O Ng8 16. Rc1 h6 17. c5 g5 18. cxd6 cxd6 19. b5 a5 20. Na4 b6 21. Rc6 Nc5 22. Nxb6 Rb8 23. Nxc8 Rxc8 24. Bxc5 dxc5 25. Nd2 Be7 26. Nc4 Rxf1+ 27. Qxf1 Nf6 28. Nxe5 1-0

[Event "20th Heraklion IT Open 2017"]
[Site "Heraklion"]
[Date "2017.04.18"]
[Round "3"]
[White "Serpetsidaki, Eva"]
[Black "Serpetsidakis, Nikolaos"]
[Result "0-1"]
[ECO "C01"]
[WhiteElo "1693"]
[BlackElo "1994"]
[Annotator "NA RC"]
[PlyCount "104"]
[EventDate "2017.??.??"]
[EventType "swiss"]
[EventCountry "GRE"]
[SourceTitle "playchess.com"]
[Source "ChessBase"]
[SourceQuality "1"]
[TimeControl "40/5400+30:1800+30"]

1. e4 e6 2. d4 d5 3. exd5 exd5 4. Bd3 Nc6 5. c3 {[%emt 0:02:07] LiveBook: 495 Games} Bd6 6. Nd2 {[%emt 0:03:59] C01: French: Exchange Variation} (6. Qf3 Be6 7. Ne2 Qd7 8. h3 O-O-O 9. Be3 Nge7 10. Bf4 Bxf4 11. Nxf4 g5 12. Nxe6 fxe6 13. Nd2 e5 14. dxe5 Nxe5 15. Qg3 Nxd3+ 16. Qxd3 {0-1 (25) Horvath,A (2536)-Rapport,R (2676) Hungary 2014}) 6... Nge7 7. Ne2 Bg4 8. h3 $146 (8. Nf1 Bh5 9. Ne3 Bg6 10. Ng3 Qd7 11. Qc2 Bxd3 12. Qxd3 O-O-O 13. Bd2 h5 14. O-O-O g6 15. Ne2 Rde8 16. h4 Nd8 17. g3 Ne6 18. Ng2 c6 19. Nef4 Nxf4 20. Bxf4 Bxf4+ 21. Nxf4 {½-½ (21) Ilincic,Z (2447)-Kosic,D (2481) Subotica 2010}) 8... Bh5 9. Qb3 b6 10. Qc2 Qd7 11. Nb3 Bg6 12. Bf4 a5 13. O-O Bxd3 14. Qxd3 Bxf4 15. Nxf4 Qd6 16. Ne2 O-O 17. Nd2 Rfe8 18. Rfe1 Ng6 19. Rad1 Re6 20. Ng3 Rae8 21. Rxe6 fxe6 22. Nf3 Nd8 23. Qb5 Rf8 24. Qd3 Qf4 25. Qd2 Qxd2 26. Rxd2 Nf4 27. Ne2 Nxh3+ 28. Kf1 Nf4 29. Nxf4 Rxf4 30. Re2 Kf7 31. Ng5+ Kf6 32. g3 ({Not} 32. Nxh7+ $2 Kg6 33. Re5 (33. g3 $2 Rf7 34. Kg2 Kxh7 $19) 33... Kxh7 $19) 32... Rf5 ({Much worse is} 32... Kxg5 $6 33. gxf4+ Kxf4 34. Re3 $14) 33. f4 ({Don't take} 33. Nxh7+ $2 Kg6 34. b4 a4 $19) 33... h6 34. Nf3 g5 35. fxg5+ hxg5 36. Kg2 Nf7 37. g4 Rf4 38. Kg3 c5 39. Rh2 $2 (39. a4 $11 {and White stays safe.}) 39... Re4 40. Rd2 cxd4 41. cxd4 e5 42. Rc2 (42. Rf2 $142 Ke7 43. dxe5) 42... exd4 43. Rc6+ Re6 44. Nxd4 Rxc6 45. Nxc6 Ke6 46. b4 (46. Kf2 {might work better.}) 46... Kd6 47. b5 Kc5 48. a4 d4 49. Kf3 Kc4 50. Ke4 d3 51. Ne7 d2 52. Nd5 Nd6+ $19 0-1